 Dungeon Crawl Stone Soup version 0.30-a0-840-ga523dec638 (webtiles) character file.

Game seed: 14567782405373668385

13092 Pimp the Protected (level 11, 0/100 HPs)
             Began as an Armataur Fighter on Mar 1, 2023.
             Was a High Priest of Okawaru.
             Slain by a yak (3 damage)
             ... on level 10 of the Dungeon.
             The game lasted 00:23:26 (11319 turns).

Pimp the Protected (Armataur Fighter)              Turns: 11319, Time: 00:23:27

Health: 0/100      AC: 18    Str: 22 (26) XL:     11   Next: 71%
Magic:  3/3        EV:  3    Int:  3 (9)  God:    Okawaru [*****.]
Gold:   1230       SH:  0    Dex:  9 (11) Spells: 10/10 levels left

rFire   + + +      SeeInvis .    g - +8 long sword of Patience {antimagic, rC+ rN+ Dex+2}
rCold   + + +      Faith    +    (no shield)
rNeg    + . .      Spirit   .    s - +2 gold dragon scales
rPois   +          Reflect  .    (no helmet)
rElec   .          Harm     .    m - scarf {rC+ rF+}
rCorr   .          Roll     +    (no gloves)
Will    .....                    (no barding) Stlth
                                 l - amulet of faith
HPRegen 0.36/turn                f - +4 ring of slaying
MPRegen 0.08/turn                x - ring of protection from fire

@: about to teleport
A: large, rugged brown scales 3, deformed body, armoured tail, roll, long
tongue, awkward tongue, cold resistance 1, deterioration 1, inability to drink
after injury 1
a: Renounce Religion, Heroism, Finesse, Duel


You were on level 10 of the Dungeon.
You worshipped Okawaru.
Okawaru was extremely pleased with you.
You visited 2 branches of the dungeon, and saw 11 of its levels.

You collected 1609 gold pieces.
You spent 379 gold pieces at shops.

Inventory:

Hand Weapons
 a - a +0 war axe
 e - the +8 longbow of Ymecin {freeze, rC+ Will+}
   (You bought it in a shop on level 1 of the Dungeon)

   rC:        It protects you from cold.
   Will:      It increases your willpower.
 g - the +8 long sword of Patience (weapon) {antimagic, rC+ rN+ Dex+2}
   (You bought it in a shop on level 1 of the Dungeon)

   Dex:       It affects your dexterity (+2).
   rC:        It protects you from cold.
   rN:        It protects you from negative energy.
Missiles
 D - 6 poisoned darts
Armour
 b - a +0 scale mail
 c - a +1 buckler
 h - a +0 chain mail
 k - a +1 helmet
 m - a scarf of resistance (worn)
 r - the +1 chain mail "Gemeceh" {*Slow rPois Dex+5}
   (You found it on level 3 of the Dungeon)

   Dex:       It affects your dexterity (+5).
   rPois:     It protects you from poison.
   *Slow:     It may slow you when you take damage.
 s - +2 gold dragon scales (worn)
 u - the +2 cloak of Okawaru's Fury {-Cast Harm Str+4 Stlth+}
   (Okawaru gifted it to you on level 10 of the Dungeon)

   Str:       It affects your strength (+4).
   -Cast:     It prevents spellcasting.
   Harm:      It increases damage dealt and taken.
   Stlth:     It makes you more stealthy.
Jewellery
 d - a ring of ice
 f - a +4 ring of slaying (left hand)
 l - an amulet of faith (around neck)
 t - a ring of wizardry
 x - a ring of protection from fire (right hand)
Wands
 q - a wand of polymorph (3)
 v - a wand of flame (24)
 y - a wand of iceblast (17) (quivered)
 C - a wand of digging (14)
Scrolls
 i - 12 scrolls of identify
 j - 7 scrolls of teleportation
 n - 3 scrolls of magic mapping
 w - a scroll of immolation
 z - 2 scrolls of amnesia
 E - a scroll of fog
 F - a scroll of torment {unknown}
Potions
 o - 3 potions of flight
 A - a potion of magic
 B - a potion of lignification


   Skills:
 + Level 7.8 Fighting
 * Level 9.8 Long Blades
 - Level 2.7 Axes
 * Level 13.1 Armour
 + Level 9.3 Shields


You had 10 spell levels left.
You didn't know any spells.
Your spell library contained the following spells:

 Spells                   Type           Power      Damage    Failure   Level
 Beastly Appendage        Tmut           0%         N/A       100%        1
 Foxfire                  Conj/Fire      0%         2x1d4     100%        1
 Wereblood                Tmut           0%         N/A       100%        2
 Frozen Ramparts          Ice            0%         1d1       100%        3
 Ignite Poison            Fire/Tmut/Pois 0%         N/A       100%        3
 Kindle Blastsparks       Fire/Tloc/Air  0%         2d10      100%        3
 Ozocubu's Armour         Ice            0%         N/A       100%        3
 Spider Form              Tmut/Pois      0%         N/A       100%        3
 Airstrike                Air            0%         2d(0-16)  100%        4
 Fulminant Prism          Conj/Hex       0%         3d5       100%        4
 Ice Form                 Ice/Tmut       0%         N/A       100%        4
 Iskenderun's Mystic Bla  Conj/Tloc      0%         2d3       100%        4
 Petrify                  Tmut/Erth      0%         N/A       100%        4
 Blade Hands              Tmut           0%         N/A       100%        5
 Fireball                 Conj/Fire      0%         3d3       100%        5
 Freezing Cloud           Conj/Ice/Air   0%         6-21      100%        5
 Irradiate                Conj/Tmut      0%         3d11      100%        5
 Lee's Rapid Deconstruct  Erth           0%         3d4*      100%        5
 Lightning Bolt           Conj/Air       0%         1d11      100%        5
 Metabolic Englaciation   Hex/Ice        0%         N/A       100%        5
 Starburst                Conj/Fire      0%         6d3       100%        6
 Statue Form              Tmut/Erth      0%         N/A       100%        6
 Dragon Form              Tmut           0%         N/A       100%        7
 Summon Ice Beast         Ice/Summ       Unusable   N/A       N/A         4
 Summon Lightning Spire   Summ/Air       Unusable   N/A       N/A         4
 Simulacrum               Ice/Necr       Unusable   N/A       N/A         6

Dungeon Overview and Level Annotations

Branches:
Dungeon (10/15)            Temple (1/1) D:6            Lair (0/5) D:8
    Orc: D:9-12

Altars:
Ashenzari
Cheibriados
Dithmenos
Elyvilon
Fedhas
Gozag
Hepliaklqana
Kikubaaqudgha
Makhleb
Nemelex Xobeh
Okawaru
Qazlal
Ru
Sif Muna
Trog
Uskayaw
Wu Jian
Xom
Yredelemnul
Zin
The Shining One

Shops:
D:1 *((   D:6 [   D:9 (   D:10 *

Annotations:
D:3 2 transporters, deadpool521's ghost, amateur HOFi
D:8 3 runed translucent doors, Airmonger's ghost, novice HOFi
Temple 2 transporters


Innate Abilities, Weirdness & Mutations

You are completely covered in rugged brown scales. (AC +3, +7% HP)
Armour fits poorly on your strangely shaped body.
You have a long armoured tail.
You roll when moving toward enemies. (Rampage)
Your long tongue fully drains potion bottles. (2x potion effects)
Your tongue gives you trouble enunciating. (1.5x scroll delay)
Your flesh is cold resistant. (rC+)
Your body sometimes deteriorates upon taking damage.
You occasionally lose the ability to drink potions when taking damage.


Message History

You kill the yak!
Okawaru accepts your kill.
You slash the yak!
The yak is moderately wounded.
The yak gores you. x2
You barely miss the yak.
Your tail-slap misses the yak.
The yak is moderately wounded.
The yak gores you! x2
You hit the yak but do no damage.
Your tail-slap misses the yak.
The yak is moderately wounded.
The yak gores you! The yak gores you.
* * * LOW HITPOINT WARNING * * *
You barely miss the yak. You tail-slap the yak!
The yak is heavily wounded.
The yak barely misses you. The yak gores you!
* * * LOW HITPOINT WARNING * * *
You slash the yak!
The yak is severely wounded.
The yak gores you.
* * * LOW HITPOINT WARNING * * *
The yak gores you but does no damage.
You slurp down every last drop of the fuming white potion!
It was a potion of degeneration.
There was something very wrong with that liquid.
You feel weakened.
You feel dopey.
You feel clumsy. The yak gores you but does no damage.
The yak completely misses you.
As you slowly read the scroll of teleportation, it crumbles to dust.
You feel strangely unstable. The yak gores you but does no damage.
The yak gores you!
* * * LOW HITPOINT WARNING * * *
You slash the yak! You tail-slap the yak!
The yak is heavily wounded.
The yak gores you.
* * * LOW HITPOINT WARNING * * *
The yak gores you.
* * * LOW HITPOINT WARNING * * *
You slash the yak!
The yak is almost dead.
The yak gores you.
You die...

........ #....#.....#....
....... #....#.....#....
#.....########....#....##....
#.∩...#......#....#....#.....
#.....#......#....#....#.....
#.....#......#....#....#.....
#.....#......#....#....#.....
#.....#YY..#Y#....#....#.....
##Y.........#@Y....#.)).#####.
..............#...............#.
..............#...............#.
..............#...............#.
..............#....>..........#.
...#######....########........#.
... #...........#........##
######......#..........
#...........#..........


You could see 2 yaks.

Vanquished Creatures
  Fannar (D:10)
  Josephine (D:10)
  Erolcha (D:9)
  2 two-headed ogres
  A wizard (D:9)
  Pikel (D:7)
  Joseph (D:8)
  Psyche (D:8)
  A komodo dragon (D:8)
  Prince Ribbit (D:6)
  3 trolls (D:10)
  Sigmund (D:2)
  16 yaks
  A shadow (D:9)
  5 wraiths
  2 steam dragons (D:8)
  Edmund (D:6)
  Duvessa (D:5)
  3 black bears
  5 orc warriors
  5 ogres
  3 centaurs
  3 phantoms
  2 kobold brigands (D:8)
  2 necrophages (D:7)
  A bullfrog (D:9)
  A gnoll sergeant (D:9)
  5 wights (D:8)
  Dowan (D:5)
  11 killer bees
  A jelly (D:6)
  3 howler monkeys
  2 hounds
  5 orc priests
  3 iguanas
  Ijyb (D:3)
  5 orc wizards
  Robin (D:3)
  6 gnolls
  5 adders
  A white imp (D:5)
  3 worms
  36 orcs
  2 endoplasms
  5 giant cockroaches
  16 goblins
  6 hobgoblins
  2 quokkas
  6 ball pythons
  6 bats
  A frilled lizard (D:3)
  15 kobolds
  5 rats
219 creatures vanquished.

Vanquished Creatures (others)
  4 plants (D:8)
4 creatures vanquished.

Grand Total: 223 creatures vanquished

Notes
Turn   | Place    | Note
-------+----------+-------------------------------------------
     0 | D:1      | Pimp the Armataur Fighter began the quest for the Orb.
     0 | D:1      | Reached XP level 1. HP: 19/19 MP: 1/1
    71 | D:1      | Found Wam Hitt's Weapon Shop.
   104 | D:1      | Found Qidytij's Antique Weapon Boutique.
   125 | D:1      | Found a faded altar of an unknown god.
   187 | D:1      | Reached XP level 2. HP: 26/26 MP: 2/2
   352 | D:1      | Found Eshumeol's General Store.
   579 | D:2      | Reached skill level 4 in Armour
   787 | D:2      | Noticed Sigmund
   795 | D:2      | Reached XP level 3. HP: 23/33 MP: 3/3
   816 | D:2      | Killed Sigmund
   817 | D:2      | Reached XP level 4. HP: 12/42 MP: 4/4
   817 | D:2      | Reached XP level 5. HP: 14/49 MP: 5/5
   855 | D:2      | Identified a scroll of acquirement
   855 | D:2      | Acquired 1152 gold pieces
  1000 | D:1      | Bought a bloodstained longbow for 218 gold pieces
  1000 | D:1      | Identified the +8 longbow of Ymecin {freeze, rC+ Will+}
                  | (You bought it in a shop on level 1 of the Dungeon)
  1000 | D:1      | Bought a dazzling long sword for 161 gold pieces
  1000 | D:1      | Identified the +8 long sword of Patience {antimagic, rC+
                  | rN+ Dex+2} (You bought it in a shop on level 1 of the
                  | Dungeon)
  1648 | D:3      | Noticed Ijyb
  1656 | D:3      | Killed Ijyb
  1657 | D:3      | Reached skill level 5 in Armour
  1736 | D:3      | Identified the +1 chain mail "Gemeceh" {*Slow rPois Dex+5}
  1749 | D:3      | Reached skill level 1 in Long Blades
  1791 | D:3      | Noticed a toenail golem
  1798 | D:3      | Found a transporter.
  1801 | D:3      | Found a transporter.
  1814 | D:3      | Noticed deadpool521's ghost (amateur HOFi)
  1866 | D:3      | Noticed a small abomination
  1938 | D:3      | Reached XP level 6. HP: 55/55 MP: 2/6
  1957 | D:3      | Found an ancient bone altar of Kikubaaqudgha.
  1998 | D:3      | You fall into a shaft and drop 2 floors!
  1998 | D:5      | Entered Level 5 of the Dungeon
  2490 | D:3      | Noticed Robin
  2501 | D:3      | Killed Robin
  2502 | D:3      | Reached skill level 5 in Shields
  3162 | D:4      | Found a white marble altar of Elyvilon.
  3226 | D:4      | Reached XP level 7. HP: 53/63 MP: 2/7
  3340 | D:5      | Noticed Dowan
  3352 | D:5      | Noticed Duvessa
  3601 | D:5      | Reached skill level 6 in Armour
  3633 | D:5      | Killed Duvessa
  3636 | D:5      | Killed Dowan
  3721 | D:5      | Reached XP level 8. HP: 61/71 MP: 2/8
  4156 | D:6      | Found a glowing golden altar of the Shining One.
  4157 | D:6      | Found Enwiekk's Armour Shoppe.
  4168 | D:6      | Reached skill level 7 in Armour
  4197 | D:6      | Noticed Edmund
  4205 | D:6      | Killed Edmund
  4208 | D:6      | Reached skill level 5 in Fighting
  4248 | D:6      | Noticed a two-headed ogre
  4264 | D:6      | Killed a two-headed ogre
  4265 | D:6      | Reached skill level 5 in Long Blades
  4265 | D:6      | Reached skill level 8 in Armour
  4265 | D:6      | Reached XP level 9. HP: 54/79 MP: 3/9
  4600 | D:6      | Found a sacrificial altar of Ru.
  4606 | D:6      | Noticed Prince Ribbit
  4615 | D:6      | Killed Prince Ribbit
  4616 | D:6      | Reached skill level 9 in Armour
  4839 | D:6      | Found an opulent altar of Gozag.
  4896 | D:6      | Found a staircase to the Ecumenical Temple.
  4902 | Temple   | Entered the Ecumenical Temple
  4902 | Temple   | Found a transporter.
  4902 | Temple   | Found a transporter.
  4904 | Temple   | Found a transporter.
  4904 | Temple   | Found a transporter.
  4916 | Temple   | Became a worshipper of Warmaster Okawaru
  5091 | D:7      | Noticed Pikel
  5098 | D:7      | Killed Pikel
  5098 | D:7      | Reached * piety under Okawaru
  6234 | D:8      | Found a staircase to the Lair.
  6308 | D:8      | Noticed a komodo dragon
  6319 | D:8      | Killed a komodo dragon
  6320 | D:8      | Reached skill level 10 in Armour
  6326 | D:8      | Reached XP level 10. HP: 30/88 MP: 3/10
  6559 | D:8      | Noticed Joseph
  6572 | D:8      | Killed Joseph
  6572 | D:8      | Reached ** piety under Okawaru
  7082 | D:8      | Noticed Psyche
  7089 | D:8      | Killed Psyche
  7254 | D:8      | Identified the +5 whip of Contradiction {chaos, MP+9}
  7435 | D:8      | Found a burning altar of Makhleb.
  7435 | D:8      | Noticed a cacodemon
  7469 | D:8      | Reached *** piety under Okawaru
  7480 | D:8      | Reached skill level 11 in Armour
  8054 | D:8      | Found a runed translucent gate.
  8055 | D:8      | Found a runed translucent gate.
  8056 | D:8      | Found a runed translucent gate.
  8058 | D:8      | Noticed Airmonger's ghost (novice HOFi)
  8115 | D:9      | Found a broken altar of Ashenzari.
  8118 | D:9      | Found a hide-covered altar of Uskayaw.
  8120 | D:9      | Found a snail-covered altar of Cheibriados.
  8140 | D:9      | Noticed a two-headed ogre
  8151 | D:9      | Killed a two-headed ogre
  8328 | D:9      | Reached **** piety under Okawaru
  8949 | D:9      | Noticed Erolcha
  8959 | D:9      | Killed Erolcha
  8960 | D:9      | Reached XP level 11. HP: 43/98 MP: 3/11
  9136 | D:9      | Noticed a wizard
  9145 | D:9      | Killed a wizard
  9146 | D:9      | Reached skill level 12 in Armour
  9386 | D:9      | Found Ympuxza's Weapon Shop.
  9545 | D:10     | Entered Level 10 of the Dungeon
  9553 | D:10     | Noticed Josephine
  9628 | D:10     | Noticed Fannar
  9653 | D:10     | Reached ***** piety under Okawaru
  9658 | D:10     | Gained mutation: You are agile. (Dex +4, Str/Int -1)
                  | [potion of mutation]
  9658 | D:10     | Gained mutation: You have a pair of small antennae on your
                  | head. [potion of mutation]
  9658 | D:10     | Gained mutation: You occasionally lose the ability to read
                  | scrolls when taking damage. [potion of mutation]
  9658 | D:10     | Gained mutation: Your magical capacity is low. (-10% MP)
                  | [potion of mutation]
  9658 | D:10     | Gained mutation: Your body sometimes deteriorates upon
                  | taking damage. [potion of mutation]
  9658 | D:10     | Gained mutation: Your movements are slightly less
                  | encumbered by armour. (ER -2) [potion of mutation]
  9659 | D:10     | Lost mutation: Your movements are slightly less encumbered
                  | by armour. (ER -2) [potion of mutation]
  9659 | D:10     | Lost mutation: You occasionally lose the ability to read
                  | scrolls when taking damage. [potion of mutation]
  9659 | D:10     | Lost mutation: You have a pair of small antennae on your
                  | head. [potion of mutation]
  9659 | D:10     | Lost mutation: Your magical capacity is low. (-10% MP)
                  | [potion of mutation]
  9659 | D:10     | Gained mutation: You occasionally lose the ability to drink
                  | potions when taking damage. [potion of mutation]
  9659 | D:10     | Lost mutation: You are agile. (Dex +4, Str/Int -1) [potion
                  | of mutation]
  9659 | D:10     | Gained mutation: Your flesh is cold resistant. (rC+)
                  | [potion of mutation]
  9725 | D:10     | Killed Fannar
  9935 | D:10     | Identified the +2 cloak of Okawaru's Fury {-Cast Harm Str+4
                  | Stlth+} (Okawaru gifted it to you on level 10 of the
                  | Dungeon)
  9935 | D:10     | Received a gift from Okawaru
 10277 | D:9      | HP: 3/98 [wraith[Josephine] (9)]
 10711 | D:10     | Killed Josephine
 10831 | D:10     | Found Veisaon's Jewellery Shoppe.
 10915 | D:10     | Reached skill level 13 in Armour
 11283 | D:10     | Found Fumu's General Store.
 11318 | D:10     | HP: 5/100 [yak (5)]
 11319 | D:10     | Slain by a yak

Illustrated notes

Levels and vault maps discovered:
D:1:      nzn_arrival_depleted_hourglass, layout_basic, serial_shops,
          nicolae_shop_statue_plus, shop, nicolae_lakefront_shop,
          chequers_ecumenical_altar_island
D:2:      layout_loops_ring, minivault_19, kennysheep_generic_room_2,
          uniq_sigmund
D:3:      layout_basic, mainiacjoe_overflow_concentric_impassable,
          gammafunk_ghost_abyssal_escape, st_stairs_6,
          amcnicky_mini_corridor_feature, uniq_robin, uniq_ijyb
D:4:      layout_loops_ring, lemuel_coloured_pillars_altar,
          minmay_misc_feat_pillars, minivault_25
D:5:      layout_cave_pools, serial_column_ruins, column_ruins_hut_water,
          column_ruins_square_small, column_ruins_grid_1,
          column_ruins_open_tiny, column_ruins_columns_T,
          column_ruins_columns_dead_end, column_ruins_grid_2,
          lemuel_flamethrower_2, uniq_duvessa
D:6:      layout_basic, mainiacjoe_overflow_cross_hatched,
          mainiacjoe_overflow_catwalk, grunt_gozag_breadcrumbs,
          minmay_temple_entry_fiery, serial_shops, shop_statue,
          grunt_ministairs_1, uniq_prince_ribbit1, uniq_edmund
D:7:      layout_rooms, nrook_pool_corridor, uniq_pikel
D:8:      layout_basic, makhleb_altar_promises_db, lair_entry_dummy,
          gammafunk_ghost_nasty_kobolds, serial_bayou_pond_e, uniq_psyche,
          uniq_joseph
D:9:      layout_long_grid, grunt_temple_overflow_open, serial_shops,
          nicolae_shop_bloodbath_and_beyond, minmay_librarian, uniq_erolcha
D:10:     layout_grid_maze, serial_shops, shop, nicolae_shop_statue_plus,
          uniq_josephine, uniq_fannar
Temple:   hellmonk_temple_divided_pantheon

Skill      XL: |  1  2  3  4  5  6  7  8  9 10 11 |
---------------+----------------------------------+-----
Armour         | 4 5 6 8 10 11 13 | 13.1
Axes           | 2 |  2.7
Fighting       | 3 4 5 6 7 |  7.8
Shields        | 4 5 6 7 8 9 |  9.3
Long Blades    | 1 2 4 5 7 8 9 |  9.8

Action                     |  1- 3 |  4- 6 |  7- 9 | 10-12 || total
---------------------------+-------+-------+-------+-------++-------
  Melee: War axe           |    72 |     6 |       |       ||    78
         Tailslap          |     5 |    10 |    32 |    57 ||   104
         Long sword        |       |    82 |   154 |   356 ||   592
         Punch             |       |     1 |     5 |     2 ||     8
   Fire: Longbow           |       |     4 |       |       ||     4
 Invoke: Heroism           |       |       |       |     1 ||     1
  Evoke: Wand              |       |       |       |     1 ||     1
    Use: Scroll            |     1 |     5 |     4 |     8 ||    18
         Potion            |     3 |     1 |     5 |    11 ||    20
 Armour: Scale mail        |    10 |       |       |       ||    10
         Chain mail        |    38 |    81 |       |       ||   119
         Skin              |       |     1 |       |       ||     1
         Gold dragon scale |       |    25 |   152 |   364 ||   541
  Dodge: Dodged            |    22 |    38 |    26 |    72 ||   158
  Block: Buckler           |    14 |     2 |       |       ||    16

Table legend: (Time is in decaauts)
 A = Elapsed time spent in this place.
 B = Non-inter-level travel time spent in this place.
 C = Inter-level travel time spent in this place.
 D = Time resting spent in this place.
 E = Time spent auto-exploring this place.
 F = Levels seen in this place.
 G = Mean time per level.
                   A        B        C        D        E       F      G
               +--------+--------+--------+--------+--------+-----+--------+
         Total |  11469 |  11045 |    424 |   3943 |   5195 |  11 | 1042.6 |
       Dungeon |  11443 |  11019 |    424 |   3943 |   5193 |  10 | 1144.3 |
        Temple |     25 |     25 |      0 |      0 |      2 |   1 |   25.0 |
               +--------+--------+--------+--------+--------+-----+--------+

Top non-repeatable levels by time:
     D:8: 1900 daAuts
     D:9: 1764 daAuts
    D:10: 1533 daAuts
     D:7: 1145 daAuts
     D:2: 1060 daAuts
     D:4: 1031 daAuts
     D:6: 886 daAuts
     D:3: 838 daAuts
     D:5: 724 daAuts
     D:1: 559 daAuts
  Temple: 25 daAuts
